 Dungeon Crawl Stone Soup version 0.31-a0-1425-g903e00c (webtiles) character file.

Game seed: 17014070291268332358

37475 PublicAnimeNo1 the Black Sun (level 13, -2/98 HPs)
             Began as a Demonspawn Alchemist on Dec 26, 2023.
             Was a High Priest of Kikubaaqudgha.
             Slain by a two-headed ogre
             ... wielding a +0 giant club
              (18 damage)
             ... in a volcano.
             The game lasted 00:41:57 (12807 turns).

PublicAnimeNo1 the Black Sun (DsAl)                Turns: 12807, Time: 00:41:58

Health: -2/98      AC: 10    Str:  8    XL:     13   Next: 58%
Magic:  12/34      EV: 15    Int: 20    God:    Kikubaaqudgha [*****.]
Gold:   1722       SH:  6    Dex: 18    Spells: 14/29 levels left

rFire   + . .        s - +3 lajatang (venom)
rCold   . . .        (shield currently unavailable)
rNeg    + . .        c - +3 leather armour of Xoofadi {rPois rF+ Regen+ Dex+3}
rPois   +            o - +2 hat
rElec   .            y - +1 cloak {rPois}
rCorr   .            (gloves unavailable)
SInv    .            (no boots)
Will    .....        r - amulet of the acrobat
Stlth   +++          k - ring of magical power
HPRegen 1.16/turn    u - ring of positive energy
MPRegen 0.24/turn

%: acrobat
@: mighty, animating dead
A: claws 3, large bone plates 2, foul stench 1, powered by death 1, corrupting
presence 1
a: Renounce Religion, Unearth Wretches, Torment


You were in a volcano.
You worshipped Kikubaaqudgha.
Kikubaaqudgha was extremely pleased with you.
You visited 3 branches of the dungeon, and saw 14 of its levels.
You also visited: Volcano.

You collected 1722 gold pieces.

Inventory:

Hand Weapons
 b - a +4 dagger of venom
 d - a +0 dagger
 s - a +3 lajatang of venom (weapon)
Missiles
 D - a throwing net
Armour
 a - a +0 robe
 c - the +3 leather armour of Xoofadi (worn) {rPois rF+ Regen+ Dex+3}
   (You took it off a goblin on level 2 of the Dungeon)

   Dex+3:     It affects your dexterity (+3).
   rF+:       It protects you from fire.
   rPois:     It protects you from poison Regen+: It increases your rate of
   health regeneration.
 j - a +1 buckler
 o - a +2 hat (worn)
 y - a +1 cloak of poison resistance (worn)
Jewellery
 k - a ring of magical power (left claw)
 r - an amulet of the acrobat (around neck)
 u - a ring of positive energy (right claw)
 z - a ring of poison resistance
 C - an amulet of magic regeneration
 H - a ring of wizardry
Talismans
 f - a dragon-blood talisman
 n - a maw talisman
Wands
 v - a wand of mindburst (5)
 w - a wand of digging (5)
 A - a wand of iceblast (22)
 B - a wand of paralysis (14)
 K - a wand of polymorph (3)
 M - a wand of flame (10)
Scrolls
 e - 9 scrolls of teleportation
 t - 2 scrolls of immolation
 x - 2 scrolls of vulnerability
 E - 3 scrolls of enchant armour
 G - a scroll of identify
 I - a scroll of poison
 L - a scroll of enchant weapon
Potions
 g - 6 potions of curing
 h - 3 potions of mutation
 l - 3 potions of lignification
 p - 3 potions of haste
 q - 2 potions of brilliance
 F - a potion of enlightenment
 J - a potion of magic
 N - a potion of resistance {unknown}


   Skills:
 - Level 8.0 Fighting
 - Level 6.0 Staves
 + Level 7.5 Dodging
 - Level 5.0 Stealth
 + Level 8.5 Spellcasting
 - Level 5.8 Conjurations
 * Level 12.3 Necromancy
 - Level 6.1 Fire Magic
 - Level 10.1 Alchemy


You had 14 spell levels left.
You knew the following spells:

 Your Spells              Type           Power      Damage    Failure   Level
a - Sting                 Conj/Alch      100%       1d9       1%          1
b - Mercury Vapours       Alch/Air       56%        N/A       2%          2
c - Sticky Flame          Fire/Alch      41%        2d8       4%          4
d - Olgreb's Toxic Radia  Alch           49%        N/A       1%          4
e - Animate Dead          Necr           55%        N/A       1%          4

Your spell library contained the following spells:

 Spells                   Type           Power      Damage    Failure   Level
 Kiss of Death            Conj/Necr      100%       2d13      1%          1
 Necrotise                Necr           100%       1d9       1%          1
 Sublimation of Blood     Necr           55%        N/A       1%          2
 Vampiric Draining        Necr           55%        2d9       1%          3
 Dispel Undead            Necr           55%        3d20      1%          4
 Agony                    Necr           55%        N/A       1%          5
 Passwall                 Alch/Erth      23%        N/A       2%          2
 Mephitic Cloud           Conj/Alch/Air  29%        N/A       4%          3
 Alistair's Intoxication  Alch           32%        N/A       4%          5
 Static Discharge         Conj/Air       40%        3-5/arc   5%          2
 Anguish                  Hex/Necr       16%        N/A       10%         4
 Dazzling Flash           Conj/Hex       40%        N/A       11%         3
 Apportation              Tloc           16%        N/A       12%         1
 Irradiate                Conj/Alch      20%        3d18      12%         5
 Petrify                  Alch/Erth      28%        N/A       14%         4
 Ensorcelled Hibernation  Hex/Ice        16%        N/A       19%         2
 Jinxbite                 Hex            16%        N/A       19%         2
 Lesser Beckoning         Tloc           16%        N/A       19%         2
 Borgnjor's Vile Clutch   Necr/Erth      16%        N/A       26%         5
 Confusing Touch          Hex            8%         N/A       34%         3
 Gell's Gravitas          Tloc           8%         N/A       34%         3
 Swiftness                Air            8%         N/A       34%         3
 Teleport Other           Tloc           8%         N/A       34%         3
 Airstrike                Air            4%         2d(1-17)  75%         4
 Animate Armour           Summ/Erth      16%        N/A       75%         4
 Summon Lightning Spire   Summ/Air       8%         N/A       75%         4
 Simulacrum               Ice/Necr       16%        N/A       82%         6
 Lee's Rapid Deconstruct  Erth           4%         3d5*      97%         5
 Silence                  Hex/Air        4%         N/A       97%         5


Dungeon Overview and Level Annotations

Branches:
Dungeon (10/15)            Temple (1/1) D:5            Lair (3/5) D:9
 Shoals (0/4) Lair:3          Orc (0/2) D:10        Volcano (1/1)
  Snake: Lair:2-3    Spider: Lair:2-3

Altars:
Ashenzari
Cheibriados
Dithmenos
Fedhas
Gozag
Hepliaklqana
Kikubaaqudgha
Makhleb
Nemelex Xobeh
Okawaru
Qazlal
Ru
Sif Muna
Trog
Uskayaw
Vehumet
Wu Jian
Xom
Yredelemnul

Shops:
D:1 (

Annotations:
D:3 1 runed translucent door, Crazy Yiuf


Innate Abilities, Weirdness & Mutations

You have claws for hands.
You are mostly covered in large bone plates. (SH +6)
You may rarely emit foul miasma when damaged in melee.
You regenerate a little health from kills.
Your presence sometimes corrodes those you injure.


Message History

* * * LOW HITPOINT WARNING * * *
The fire dragon claws you!
* * * LOW HITPOINT WARNING * * *
The fire dragon tramples you but does no damage.
The two-headed ogre hits you with a +0 giant club!
* * * LOW HITPOINT WARNING * * *
The two-headed ogre hits you with a +0 giant club!
* * * LOW HITPOINT WARNING * * *
You feel much better. The fire dragon bites you!
* * * LOW HITPOINT WARNING * * *
The fire dragon claws you.
* * * LOW HITPOINT WARNING * * *
The fire dragon closely misses you.
Your two-headed ogre zombie hits the fire dragon.
Your two-headed ogre zombie closely misses the fire dragon.
Okay, then.
You swap places.
The two-headed ogre attacks as it pursues you!
The two-headed ogre completely misses you.
The two-headed ogre hits you with a +0 giant club.
* * * LOW HITPOINT WARNING * * *
The fire dragon closely misses you. You block the fire dragon's attack.
The fire dragon closely misses you.
Okay, then.
Casting: Olgreb's Toxic Radiance (mildly dangerous; 1% risk of failure)
Confirm with . or Enter, or press ? or * to list all spells.
Aiming: Sticky Flame (dangerous; 4% risk of failure)
Press: ? - help, Shift-Dir - straight line, f - two-headed ogre, p - fire dragon
Aim: a two-headed ogre, wielding two +0 giant clubs (moderately wounded, very poisoned, covered in acid)
The sticky flame hits the two-headed ogre!
The two-headed ogre is severely wounded.
The two-headed ogre burns!
The two-headed ogre seems to be corroded for longer.
The fire dragon bites you.
* * * LOW HITPOINT WARNING * * *
The fire dragon closely misses you. You block the fire dragon's attack.
The two-headed ogre closely misses you.
The two-headed ogre hits you with a +0 giant club!!
You die...
Kikubaaqudgha rasps: "You have failed me!
Welcome... death!"

≈# #P.P♣≈≈≈≈≈ ♣♣.. ≈≈#
...P§≈≈≈≈♣♣.P.
≈§####♣P.≈≈§≈≈≈♣P.♣Z
≈§§≈≈≈§≈§≈§≈°§♣....
♣≈≈§≈♣§§§§≈≈≈♣♣P.Z )
♣≈§§PP..P≈≈≈≈≈♣..P .P
♣♣♣§P..P..♣♣§≈≈≈.♣. $..
♣P♣Z).♣.P..♣♣≈≈§≈P. .♣$O
♣.@D..≈.♣...♣♣≈≈♣♣. ..)..
♣♣.O♣≈≈≈..P.P♣§§§♣♣
$P....♣♣.♣♣§≈≈§♣...♣°§°≈.
.[.......♣≈≈≈≈≈..Z♣♣≈°≈≈P
♣.$.P...♣♣≈≈≈§≈.♣.P♣≈≈°§♣
§$.♣...♣♣§≈≈°≈≈...♣♣§≈≈○≈
§♣!)..P♣§≈≈≈§≈♣P..♣○§≈○°§
§...P.♣♣≈≈≈≈≈....♣♣§≈≈≈≈≈
§≈♣♣♣♣ ≈≈≈§§≈§).♣♣≈°≈°§≈≈


You could see a fire dragon (very poisoned, ally target), a two-headed ogre
(burning, very poisoned, corroded) and a friendly two-headed ogre zombie.

Vanquished Creatures
  Gastronok (Lair:3)
  Kirke (Lair:3)
  A boulder beetle (Lair:1)
  4 two-headed ogres
  5 death yaks (Lair:2)
  2 skysharks (Lair:2)
  Pikel (D:4)
  An oklob plant (Lair:3)
  Maurice (D:8)
  A salamander (Volcano)
  A gargoyle (D:10)
  A black mamba (Lair:3)
  4 cane toads
  An orange demon (Lair:3)
  Maggie (D:9)
  A rime drake (Lair:1)
  6 komodo dragons
  Psyche (D:8)
  A polar bear (Lair:3)
  A troll (D:10)
  A hornet (D:7)
  2 blink frogs (Lair:1)
  6 wyverns
  30 yaks
  3 steam dragons
  3 fire bats (Volcano)
  Edmund (D:5)
  2 swamp worms (Lair:1)
  An acid dragon (D:10)
  6 water moccasins
  7 orc warriors
  2 ice beasts (D:6)
  2 sky beasts
  3 black bears
  8 ogres
  7 wolves
  3 phantoms
  5 centaurs
  2 kobold brigands
  3 gnoll sergeants
  11 bullfrogs
  2 scorpions (D:5)
  6 wights
  9 killer bees
  2 howler monkeys
  2 bombardier beetles (D:5)
  A crimson imp (D:5)
  10 orc priests
  4 hounds
  3 jellies
  Jessica (D:2)
  3 sleepcaps (D:4)
  Natasha (twice) (D:3)
  2 iguanas
  7 orc wizards
  7 hell rats (Lair:2)
  Terence (D:2)
  15 gnolls
  11 adders
  6 river rats (Lair:3)
  2 shadow imps
  2 white imps
  4 ufetubi
  2 worms
  2 dart slugs
  44 orcs
  7 ball pythons
  10 endoplasms
  A giant cockroach (D:1)
  9 goblins
  4 hobgoblins
  16 kobolds
  9 quokkas
  4 bats
  2 frilled lizards (D:2)
  5 rats
361 creatures vanquished.

Vanquished Creatures (collateral kills)
  A hydra (Lair:2)
  A death yak (Lair:2)
  Amaemon (Lair:3)
  2 salamanders (Volcano)
  2 black mambas
  5 cane toads
  3 komodo dragons
  A wyvern (Lair:2)
  5 yaks (Lair:2)
  A hog (Lair:3)
  A steam dragon (Volcano)
  3 water moccasins
  3 wolves
  An ogre (Volcano)
  2 bullfrogs (Lair:2)
  2 hell rats (Lair:3)
  5 river rats (Lair:3)
39 creatures vanquished.

Vanquished Creatures (others)
  2 death yak zombies (Lair:2)
  A komodo dragon (Volcano)
  A cane toad zombie (Lair:2)
  A salamander zombie (Volcano)
  4 komodo dragon zombies (Volcano)
  2 wyvern zombies (Volcano)
  3 yak zombies
  A wolf zombie (Lair:2)
  2 bullfrog zombies (Lair:2)
  A black bear zombie (Lair:2)
  2 ogre zombies (Volcano)
  2 steam dragon zombies (Volcano)
22 creatures vanquished.

Grand Total: 422 creatures vanquished

Notes
Turn   | Place    | Note
-------+----------+-------------------------------------------
     0 | D:1      | PublicAnimeNo1 the Demonspawn Alchemist began the quest for
                  | the Orb.
     0 | D:1      | Reached XP level 1. HP: 13/13 MP: 3/3
   196 | D:1      | Found Qivyoteo's Antique Weapon Shoppe.
   238 | D:1      | Gained mutation: You have sharp fingernails. [demonic
                  | ancestry]
   238 | D:1      | Reached XP level 2. HP: 14/20 MP: 5/5
   936 | D:2      | Learned a level 2 spell: Mercury Vapours
   998 | D:2      | Reached skill level 1 in Fighting
   998 | D:2      | Gained mutation: You are partially covered in large bone
                  | plates. (SH +4) [demonic ancestry]
   998 | D:2      | Reached XP level 3. HP: 21/26 MP: 6/6
  1089 | D:2      | Noticed Jessica
  1100 | D:2      | Killed Jessica
  1101 | D:2      | Gained mutation: You have very sharp fingernails. [demonic
                  | ancestry]
  1101 | D:2      | Reached XP level 4. HP: 28/32 MP: 0/7
  1176 | D:2      | Identified the +3 leather armour of Xoofadi {rPois rF+
                  | Regen+ Dex+3}
  1269 | D:2      | Noticed Terence
  1550 | D:2      | Killed Terence
  1551 | D:2      | Gained mutation: You regenerate a little health from kills.
                  | [demonic ancestry]
  1551 | D:2      | Reached XP level 5. HP: 38/38 MP: 1/8
  1849 | D:3      | Found a shimmering altar of Xom.
  2081 | D:3      | Found an ornate altar of the Wu Jian Council.
  2570 | D:3      | Noticed Natasha
  2580 | D:3      | Killed Natasha
  2623 | D:3      | Found a runed translucent door.
  2624 | D:3      | Noticed Crazy Yiuf
  2773 | D:3      | Noticed Natasha
  2778 | D:3      | Killed Natasha
  2965 | D:4      | Noticed a lemure
  2981 | D:3      | Reached skill level 5 in Alchemy
  2981 | D:3      | Reached XP level 6. HP: 19/44 MP: 9/9
  3052 | D:4      | Noticed Pikel
  3068 | D:4      | Killed Pikel
  3069 | D:4      | Reached XP level 7. HP: 49/50 MP: 10/10
  3946 | D:4      | Gained mutation: You have claws for hands. [demonic
                  | ancestry]
  3946 | D:4      | Reached XP level 8. HP: 56/56 MP: 11/11
  4017 | D:4      | Found a shimmering blue altar of Sif Muna.
  4423 | D:4      | Identified a scroll of acquirement
  4423 | D:4      | Acquired 977 gold pieces
  4495 | D:5      | Entered Level 5 of the Dungeon
  4502 | D:5      | Found a staircase to the Ecumenical Temple.
  4538 | D:5      | Noticed Edmund
  4556 | D:5      | Killed Edmund
  4599 | D:5      | Reached skill level 5 in Stealth
  4851 | D:5      | Reached skill level 5 in Conjurations
  4923 | D:5      | Found a burning altar of Makhleb.
  4987 | D:5      | Learned a level 4 spell: Sticky Flame
  5211 | D:5      | Learned a level 4 spell: Olgreb's Toxic Radiance
  5292 | D:5      | Found a snail-covered altar of Cheibriados.
  5334 | D:5      | Reached skill level 1 in Fire Magic
  5700 | Temple   | Entered the Ecumenical Temple
  5747 | Temple   | Became a worshipper of Kikubaaqudgha
  5914 | D:5      | Reached XP level 9. HP: 44/64 MP: 13/13
  6277 | D:6      | Reached skill level 1 in Staves
  6435 | D:6      | Reached * piety under Kikubaaqudgha
  6435 | D:6      | Received a gift from Kikubaaqudgha
  6736 | D:6      | Found a stormy altar of Qazlal.
  6943 | D:7      | Identified the +5 quick blade of the Seven Artists {venom,
                  | Dex+4 Stlth+}
  6947 | D:7      | Identified the +9 dagger of Plog {freeze, rF+ rC+ Dex-4}
  6983 | D:7      | Found a shadowy altar of Dithmenos.
  7244 | D:7      | Reached XP level 10. HP: 71/71 MP: 14/14
  7405 | D:7      | Reached skill level 5 in Fighting
  7604 | D:8      | Noticed Psyche
  7611 | D:8      | Killed Psyche
  7761 | D:8      | Noticed Maurice
  7817 | D:8      | Maurice stole 421 gold
  7824 | D:8      | Maurice stole an amulet of magic regeneration
  7827 | D:8      | Killed Maurice
  7827 | D:8      | Reached ** piety under Kikubaaqudgha
  8112 | D:8      | Found a blossoming altar of Fedhas.
  8187 | D:8      | Reached skill level 10 in Alchemy
  8191 | D:8      | Reached skill level 5 in Staves
  8318 | D:8      | Found a hide-covered altar of Uskayaw.
  8512 | D:9      | Reached *** piety under Kikubaaqudgha
  8512 | D:9      | Received a gift from Kikubaaqudgha
  8671 | D:9      | Noticed a two-headed ogre
  8675 | D:9      | Reached skill level 1 in Necromancy
  8677 | D:9      | Reached skill level 5 in Fire Magic
  8686 | D:9      | Killed a two-headed ogre
  8687 | D:9      | Reached skill level 2 in Necromancy
  8789 | D:9      | Noticed a two-headed ogre
  8793 | D:9      | Gained mutation: You may rarely emit foul miasma when
                  | damaged in melee. [demonic ancestry]
  8793 | D:9      | Reached XP level 11. HP: 83/83 MP: 16/16
  8798 | D:9      | Killed a two-headed ogre
  8866 | D:9      | Found a staircase to the Lair.
  8915 | D:9      | Learned a level 4 spell: Animate Dead
  9060 | D:9      | Noticed a two-headed ogre
  9072 | D:9      | Killed a two-headed ogre
  9073 | D:9      | Reached skill level 3 in Necromancy
  9268 | D:9      | Noticed Maggie
  9272 | D:9      | Killed Maggie
  9392 | D:10     | Entered Level 10 of the Dungeon
  9588 | D:10     | Found a staircase to the Orcish Mines.
  9691 | D:10     | Reached **** piety under Kikubaaqudgha
  9765 | D:10     | Found a broken altar of Ashenzari.
 10129 | Lair:1   | Entered Level 1 of the Lair of Beasts
 10226 | Lair:1   | Identified the +4 short sword "Feyn" {flame, Int+3}
 10292 | Lair:1   | Reached skill level 4 in Necromancy
 10471 | Lair:1   | Reached skill level 5 in Spellcasting
 10490 | Lair:1   | Reached skill level 5 in Necromancy
 10716 | Lair:1   | Noticed a boulder beetle
 10733 | Lair:1   | Killed a boulder beetle
 10734 | Lair:1   | Reached skill level 6 in Necromancy
 10869 | Lair:1   | Gained mutation: You are mostly covered in large bone
                  | plates. (SH +6) [demonic ancestry]
 10869 | Lair:1   | Reached XP level 12. HP: 90/92 MP: 11/20
 11151 | Lair:2   | Noticed a death yak
 11156 | Lair:2   | Noticed a death yak
 11156 | Lair:2   | Noticed a death yak
 11157 | Lair:2   | Noticed a death yak
 11160 | Lair:2   | Noticed a death yak
 11160 | Lair:2   | Noticed a death yak
 11163 | Lair:2   | Killed a death yak
 11169 | Lair:2   | Killed a death yak
 11170 | Lair:2   | Reached skill level 7 in Necromancy
 11172 | Lair:2   | Killed a death yak
 11174 | Lair:2   | Killed a death yak
 11175 | Lair:2   | Killed a death yak
 11177 | Lair:2   | Killed a death yak
 11178 | Lair:2   | Reached skill level 8 in Necromancy
 11318 | Lair:2   | Reached skill level 5 in Dodging
 11364 | Lair:2   | Noticed an eight-headed hydra
 11371 | Lair:2   | Killed an eight-headed hydra
 11380 | Lair:2   | Reached skill level 9 in Necromancy
 11679 | Lair:2   | Reached skill level 10 in Necromancy
 11691 | Lair:2   | Reached ***** piety under Kikubaaqudgha
 12204 | Lair:3   | Gained mutation: Your presence sometimes corrodes those you
                  | injure. [demonic ancestry]
 12204 | Lair:3   | Reached XP level 13. HP: 73/98 MP: 18/24
 12211 | Lair:3   | Noticed Kirke
 12241 | Lair:3   | Noticed Amaemon
 12247 | Lair:3   | Killed Amaemon
 12374 | Lair:3   | Found a staircase to the Shoals.
 12390 | Lair:3   | Killed Kirke
 12391 | Lair:3   | Reached skill level 11 in Necromancy
 12496 | Lair:3   | Noticed Gastronok
 12507 | Lair:3   | Killed Gastronok
 12591 | Lair:3   | Found a dark tunnel.
 12597 | Volcano  | Entered a volcano
 12705 | Volcano  | Reached skill level 12 in Necromancy
 12783 | Volcano  | Noticed a fire dragon
 12804 | Volcano  | HP: 3/98 [two-headed ogre/+0 giant club (10)]
 12807 | Volcano  | Slain by a two-headed ogre

Illustrated notes

Levels and vault maps discovered:
D:1:      eino_arrival_water_star, layout_basic, serial_shops,
          nicolae_shop_tiny_statue_garden, serial_glass, glass_columns_c,
          glass_columns_a
D:2:      layout_rooms, uniq_terence, uniq_jessica
D:3:      layout_loops_corners, nzn_wu_jian_contemplation, lemuel_crystal_altar,
          kennysheep_pointless_box, uniq_crazy_yiuf_cottage, uniq_natasha
D:4:      layout_layer_cave, kennysheep_mini, hex_tiny,
          kennysheep_generic_room_7, uniq_pikel
D:5:      layout_loops_corners, marbit_many_paths, makhleb_grotto_becter,
          minmay_temple_entry_hall, nicolae_concentric_dashed_squares_wild,
          uniq_edmund
D:6:      layout_cave_pools, nicolae_qazlal_eye_of_the_storm
D:7:      layout_basic, lemuel_crystal_altar
D:8:      layout_rooms, nicolae_overflow_hidden_temple,
          mainiacjoe_overflow_brackets, uniq_psyche, uniq_maurice
D:9:      layout_roguey, lair_entry_dummy, special_room [special_room_orc],
          grunt_ministairs_15, uniq_maggie
D:10:     layout_basic, lemuel_doored_altar, david_orc_3, feat_on_display
Temple:   minmay_temple_forest_path
Lair:1:   layout_misc_corridors, worms_lemuel, grunt_megastairs_5,
          lemuel_fruit_tree
Lair:2:   layout_gridlike, beast_lair_carwin_6, grunt_megastairs_3
Lair:3:   layout_regular_city, shoals_dummy_entry, spider_nest_entry_web_field,
          nicolae_volcano_entry_s_turn, kennysheep_rathole,
          infiniplex_staircase_pool_2, uniq_gastronok, uniq_amaemon, uniq_kirke
Volcano:  pf_volcano_lost_world

Skill      XL: |  1  2  3  4  5  6  7  8  9 10 11 12 13 |
---------------+----------------------------------------+-----
Stealth        | 2 3 4 5 |  5.0
Fighting       | 1 2 3 4 6 8 |  8.0
Conjurations   | 2 3 4 5 |  5.8
Alchemy        | 4 5 6 7 8 9 10 | 10.1
Fire Magic     | 1 3 5 6 |  6.1
Spellcasting   | 3 5 7 8 |  8.5
Staves         | 4 5 6 |  6.0
Necromancy     | 2 6 10 12 | 12.3
Dodging        | 4 6 7 |  7.5

Action                     |  1- 3 |  4- 6 |  7- 9 | 10-12 | 13-15 || total
---------------------------+-------+-------+-------+-------+-------++-------
  Melee: Dagger            |    35 |    81 |   191 |       |       ||   307
         Unarmed           |     4 |       |       |       |     1 ||     5
         Punch             |     1 |       |     6 |       |       ||     7
         Lajatang          |       |       |   105 |   251 |    83 ||   439
   Cast: Sting             |    39 |    32 |    52 |       |     1 ||   124
         Mercury Vapours   |     1 |     5 |     7 |    18 |     2 ||    33
         Olgreb's Toxic Ra |       |       |     8 |    42 |    17 ||    67
         Sticky Flame      |       |       |       |    26 |    13 ||    39
         Animate Dead      |       |       |       |     6 |     3 ||     9
  Evoke: Wand              |       |       |       |       |     2 ||     2
    Use: Scroll            |     2 |     4 |     7 |    13 |     1 ||    27
         Potion            |     1 |       |       |       |     3 ||     4
   Stab: Sleeping          |     1 |     4 |     7 |     6 |     2 ||    20
         Distracted        |       |       |     1 |     2 |     2 ||     5
 Armour: Robe              |    32 |       |       |       |       ||    32
         Leather armour    |       |    38 |   218 |   204 |    78 ||   538
  Dodge: Dodged            |    24 |    37 |   183 |   218 |    88 ||   550
  Block: Other             |       |    10 |    62 |    63 |    35 ||   170

Table legend: (Time is in decaauts)
 A = Elapsed time spent in this place.
 B = Non-inter-level travel time spent in this place.
 C = Inter-level travel time spent in this place.
 D = Time resting spent in this place.
 E = Time spent auto-exploring this place.
 F = Levels seen in this place.
 G = Mean time per level.
                   A        B        C        D        E       F      G
               +--------+--------+--------+--------+--------+-----+--------+
         Total |  12895 |  12254 |    641 |    987 |   8333 |  15 |  859.7 |
       Dungeon |  10112 |   9593 |    519 |    843 |   6882 |  10 | 1011.2 |
        Temple |     69 |      4 |     65 |      0 |      0 |   1 |   69.0 |
          Lair |   2498 |   2442 |     56 |    137 |   1450 |   3 |  832.7 |
       Volcano |    214 |    214 |      0 |      7 |      0 |   1 |  214.0 |
               +--------+--------+--------+--------+--------+-----+--------+

Top non-repeatable levels by time:
     D:5: 1522 daAuts
     D:4: 1491 daAuts
     D:3: 1212 daAuts
  Lair:2: 1055 daAuts
  Lair:1: 1035 daAuts
     D:9: 945 daAuts
     D:2: 904 daAuts
     D:1: 886 daAuts
     D:8: 864 daAuts
     D:7: 793 daAuts
     D:6: 764 daAuts
    D:10: 728 daAuts
  Lair:3: 408 daAuts
 Volcano: 214 daAuts
  Temple: 69 daAuts
